 Dungeon Crawl Stone Soup version 0.27.0-1-g7a089689b8 (webtiles) character file.

Game seed: 12133655807162792036

1836 sanka the Thaumaturge (level 8, -8/36 HPs)
             Began as a Spriggan Fire Elementalist on July 31, 2021.
             Was a Believer of Lugonu.
             Killed by divine providence
             ... invoked by an orc priest
              (13 damage)
             ... on level 7 of the Dungeon.
             The game lasted 00:16:10 (9279 turns).

sanka the Thaumaturge (Spriggan Fire Elementalist)  Turns: 9279, Time: 00:16:11

Health: -8/36      AC:  4    Str:  4    XL:     8   Next: 87%
Magic:  19/22      EV: 17    Int: 18    God:    Lugonu [**....]
Gold:   347        SH:  0    Dex: 16    Spells: 19/26 levels left

rFire    . . .     SeeInvis +   G - +5 long sword
rCold    + . .     Faith    .   (shield restricted)
rNeg     . . .     Spirit   .   v - +1 robe {rC+}
rPois    .         Reflect  .   (helmet restricted)
rElec    .         Harm     .   f - +0 cloak
rCorr    .         Rampage  .   (gloves unavailable)
Will     +....                  (boots unavailable)
Stlth    ++........             (no amulet)
HPRegen  0.12/turn              (no ring)
MPRegen  0.18/turn              (no ring)

@: very quick
A: very small, no large weapons, unfitting armour, see invisible, speed 3
a: Renounce Religion, Depart the Abyss, Bend Space


You were on level 7 of the Dungeon.
You worshipped Lugonu.
Lugonu was pleased with you.
You visited 2 branches of the dungeon, and saw 8 of its levels.

You collected 347 gold pieces.


Innate Abilities, Weirdness & Mutations

You are very small and have problems with some larger weapons.
You are too small for most types of armour.
You have supernaturally acute eyesight. (SInv)
You cover ground extremely quickly. (Speed+++)


   Skills:
 - Level 2.6 Dodging
 - Level 3.0 Stealth
 + Level 9.7 Spellcasting
 - Level 5.0 Conjurations
 - Level 5.0 Fire Magic


You had 19 spell levels left.
You knew the following spells:

 Your Spells              Type           Power      Damage    Failure   Level
u - Poisonous Vapours     Pois/Air       16%        N/A       12%         2
y - Foxfire               Conj/Fire      100%       2x1d9     1%          1
z - Sticky Flame          Conj/Fire      26%        2d5       11%         4

Your spell library contained the following spells:

 Spells                   Type           Power      Damage    Failure   Level
 Conjure Flame            Conj/Fire      26%        6-21      3%          3
 Inner Flame              Hex/Fire       17%        N/A       9%          3
 Corpse Rot               Necr/Air       N/A        N/A       12%         2
 Gell's Gravitas          Tloc           4%         N/A       24%         3
 Lesser Beckoning         Tloc           4%         N/A       24%         3
 Teleport Other           Tloc           8%         N/A       24%         3
 Fireball                 Conj/Fire      13%        3d7       28%         5
 Freezing Cloud           Conj/Ice/Air   7%         6-21      75%         5

Inventory:

Hand Weapons
 b - a +0 short sword
 c - a +0 morningstar
 d - a +0 dagger
 D - a +4 dagger
 G - a +5 long sword (weapon)
Missiles
 B - 4 curare-tipped darts {=f}
Armour
 f - a +0 cloak (worn)
 v - a +1 robe of cold resistance (worn)
Jewellery
 s - a ring of ice
Wands
 m - a wand of flame (10)
 A - a wand of iceblast (4)
 H - a wand of polymorph (10)
Scrolls
 a - a scroll of magic mapping {unknown}
 e - 7 scrolls of identify {unknown}
 g - a scroll of enchant armour {unknown}
 j - 4 scrolls of vulnerability {unknown}
 n - a scroll of torment {unknown}
 p - 2 scrolls of immolation {unknown}
 q - 2 scrolls of enchant weapon {unknown}
 t - a scroll of fear {unknown}
 x - 3 scrolls of noise {unknown}
 y - 2 scrolls of teleportation {unknown}
 z - 2 scrolls of amnesia {unknown}
 F - a scroll of blinking {unknown}
Potions
 h - 2 potions of ambrosia {unknown}
 i - 2 potions of flight {unknown}
 k - 3 potions of invisibility {unknown}
 l - 2 potions of mutation {unknown}
 o - 2 potions of attraction {unknown}
 r - 3 potions of might {unknown}
 u - a potion of resistance {unknown}
 w - 5 potions of curing {unknown}
 C - 3 potions of brilliance {unknown}
 E - a potion of lignification {unknown}
 I - 2 potions of degeneration {unknown}

Dungeon Overview and Level Annotations

Branches:
Dungeon (7/15)             Temple (1/1) D:5

Altars:
Ashenzari
Cheibriados
Gozag
Kikubaaqudgha
Makhleb
Nemelex Xobeh
Qazlal
Ru
Sif Muna
Trog
Zin
The Shining One
Lugonu

.▒▒▒.▒▒▒.▒..▒
.........▒.). ..
.▒▒▒.....▒.▒▒▒ .▒
.▒ ▒▒....▒.▒ .▒▒▒▒
.▒
▒....▒.▒▒▒▒▒▒▒.....
.▒
▒................
.▒ ▒....▒.▒▒▒▒▒▒▒.▒
.▒ ▒▒...▒......##.▒
.▒ ▒▒..▒.▒▒...i.#▒
.▒▒
▒..▒.▒▒.▒▒▒▒.).....
..▒ ▒▒.▒.▒▒.▒
.▒..... ..▒
▒...▒▒.▒ .' o...
..▒ ▒...▒▒.▒ .▒o
... ..▒ ▒...▒▒.▒
.▒.. .. ..▒
▒.▒.▒▒.▒ .▒ .. .
..▒ ▒.▒>▒▒.▒ .. ...
..▒ ▒.▒▒▒▒.▒▒


You could see an orc priest.


Message History

The hound is moderately wounded.
An orc wizard comes into view. It is wielding a +0 dagger.
You conjure some foxfire!
The orc wizard shouts!
The foxfire hits the hound.
The hound is heavily wounded.
The foxfire hits the hound.
The hound is almost dead.
The hound bites you but does no damage.
You conjure some foxfire!
The foxfire hits the hound!
You kill the hound!
Lugonu accepts your kill.
The orc priest calls down the wrath of Beogh upon you.
Beogh smites you!
The foxfire hits the orc.
The orc is heavily wounded.
The foxfire hits the orc but does no damage.
The orc is heavily wounded.
The orc priest calls down the wrath of Beogh upon you.
Beogh smites you!
* * * LOW HITPOINT WARNING * * *
The foxfire hits the orc.
You kill the orc!
Lugonu accepts your kill.
You can now bend space around yourself.
Unknown command.
The orc priest calls down the wrath of Beogh upon you.
Beogh smites you!
You die...

Action                   |  1- 3 |  4- 6 |  7- 9 || total
-------------------------+-------+-------+-------++-------
Melee: Unarmed           |     4 |       |       ||     4
       Morningstar       |       |     1 |       ||     1
       Dagger            |       |       |     1 ||     1
 Cast: Foxfire           |    70 |   152 |   191 ||   413
       Sticky Flame      |       |       |     3 ||     3
       Poisonous Vapours |       |       |     2 ||     2
Armor: Robe              |     7 |     1 |     9 ||    17
Dodge: Dodged            |    26 |    17 |    79 ||   122

Levels and vault maps discovered:
D:1:      ebering_trefoil_twist, layout_basic
D:2:      layout_basic, shapermc_ecumenical_altar_mp_vishouse, kennysheep_boxes
D:3:      layout_basic, chequers_hall_statues_corner_a, uniq_terence, uniq_ijyb
D:4:      layout_cave_pools, nicolae_ashenzari_panopticon,
          kiku_gazebo_garden_becter, uniq_sigmund
D:5:      layout_rooms, lemuel_tele_altar, mainiacjoe_overflow_24_doors,
          makhleb_heckhound_becter, minmay_temple_entry_arrows
D:6:      layout_loops_ring, zin_angel, dk_vineyard_3
D:7:      lemuel_ice_spiral_2, layout_basic, serial_bayou_pond_c
Temple:   corrupted_temple

Notes
Turn   | Place    | Note
-------+----------+-------------------------------------------
     0 | D:1      | sanka the Spriggan Fire Elementalist began the quest for
                  | the Orb.
     0 | D:1      | Reached XP level 1. HP: 9/9 MP: 5/5
   119 | D:1      | Reached skill level 3 in Spellcasting
   329 | D:1      | Reached XP level 2. HP: 10/13 MP: 1/7
   620 | D:1      | Reached skill level 4 in Spellcasting
  1251 | D:2      | Reached XP level 3. HP: 16/16 MP: 3/9
  1450 | D:2      | Found a faded altar of an unknown god.
  1927 | D:2      | Reached skill level 5 in Spellcasting
  1973 | D:2      | Reached XP level 4. HP: 21/21 MP: 0/12
  2511 | D:2      | Learned a level 4 spell: Sticky Flame
  3104 | D:3      | Reached skill level 6 in Spellcasting
  3104 | D:3      | Reached skill level 1 in Conjurations
  3282 | D:3      | Reached XP level 5. HP: 24/24 MP: 9/14
  3334 | D:3      | Noticed Ijyb
  3355 | D:3      | HP: 1/24 [Ijyb/puff of flame (11)]
  3364 | D:3      | Killed Ijyb
  3781 | D:3      | Noticed Terence
  3797 | D:3      | Noticed an orc warrior
  3800 | D:3      | Killed Terence
  3801 | D:3      | Reached skill level 3 in Fire Magic
  3865 | D:3      | Killed an orc warrior
  3866 | D:3      | Reached skill level 2 in Conjurations
  3866 | D:3      | Reached XP level 6. HP: 28/28 MP: 0/16
  3900 | D:3      | Reached skill level 3 in Conjurations
  4557 | D:5      | Entered Level 5 of the Dungeon
  4598 | D:5      | Found a sacrificial altar of Ru.
  4832 | D:4      | Found an ancient bone altar of Kikubaaqudgha.
  4842 | D:4      | Identified the +1 robe of Zekacum {Harm Int+6 Dex-5 Slay-5}
  5029 | D:4      | Reached XP level 7. HP: 32/32 MP: 11/17
  5171 | D:4      | Noticed Sigmund
  5179 | D:4      | Killed Sigmund
  5404 | D:4      | Found a broken altar of Ashenzari.
  5745 | D:5      | Reached skill level 7 in Spellcasting
  5783 | D:5      | HP: 3/32 [centaur/arrow (3)]
  5785 | D:5      | Reached skill level 4 in Fire Magic
  6130 | D:5      | Found a staircase to the Ecumenical Temple.
  6139 | D:5      | Reached skill level 4 in Conjurations
  6148 | Temple   | Entered the Ecumenical Temple
  6204 | Temple   | Became a worshipper of Lugonu the Unformed
  6204 | Temple   | Reached * piety under Lugonu
  6319 | D:5      | Found a burning altar of Makhleb.
  6425 | D:5      | Reached skill level 8 in Spellcasting
  6425 | D:5      | Reached XP level 8. HP: 28/36 MP: 13/21
  6489 | D:5      | Found a stormy altar of Qazlal.
  7658 | D:6      | Reached skill level 9 in Spellcasting
  7810 | D:6      | Learned a level 2 spell: Poisonous Vapours
  8266 | D:6      | Reached skill level 5 in Fire Magic
  8358 | D:6      | Found a glowing silver altar of Zin.
  8358 | D:6      | Noticed an angel
  8736 | D:7      | Reached skill level 5 in Conjurations
  9278 | D:7      | Reached ** piety under Lugonu
  9279 | D:7      | Killed from afar by an orc priest

Vanquished Creatures
  Sigmund (D:4)
  An orc warrior (D:3)
  2 sky beasts
  A black bear (D:6)
  A centaur (D:5)
  A phantom (D:4)
  A kobold brigand (D:7)
  A wyvern zombie (D:6)
  A water moccasin skeleton (D:4)
  5 wights (D:6)
  3 bullfrog zombies
  7 hounds
  A jelly (D:5)
  A bullfrog skeleton (D:6)
  A centaur skeleton (D:7)
  A gnoll shaman (D:4)
  Ijyb (D:3)
  An orc wizard (D:3)
  Terence (D:3)
  A killer bee zombie (D:6)
  8 gnolls
  A howler monkey skeleton (D:7)
  5 adders
  A shadow imp (D:5)
  3 white imps
  An adder skeleton (D:4)
  2 worms (D:2)
  2 dart slugs
  15 orcs
  6 bats
  4 endoplasms
  2 giant cockroaches (D:1)
  8 goblins
  4 hobgoblins
  12 jackals
  10 kobolds
  5 quokkas
  2 ball pythons (D:1)
  4 frilled lizards
  4 rats
132 creatures vanquished.

Vanquished Creatures (collateral kills)
  A foxfire (D:4)
1 creature vanquished.

Vanquished Creatures (others)
  631 foxfires
  13 plants (D:7)
644 creatures vanquished.

Grand Total: 777 creatures vanquished
